 Dungeon Crawl Stone Soup version 0.19.5 (webtiles) character file.

0 Gargoyl the Skirmisher (level 1, -21/19 HPs)
             Began as a Ghoul Abyssal Knight on May 18, 2017.
             Was a Follower of Lugonu.
             Demolished by a small abomination (22 damage)
             ... on level 1 of the Abyss.
             The game lasted 00:00:12 (18 turns).

Gargoyl the Skirmisher (Ghoul Abyssal Knight)         Turns: 18, Time: 00:00:13

Health: -21/19     AC:  3    Str: 15    XL:     1   Next: 10%
Magic:  1/1        EV: 11    Int:  7    God:    Lugonu [*.....]
Gold:   0          SH:  0    Dex:  8    Spells: 0 memorised, 0 levels left

rFire  . . .     SeeInvis .     a - +1 hand axe
rCold  + . .     Gourm    .     b - +0 leather armour
rNeg   + + +     Faith    .     (no shield)
rPois  ∞         Spirit   .     (no helmet)
rElec  .         Reflect  .     (no cloak)
rCorr  .         Harm     .     (no gloves)
MR     .....                    (no boots)
Stlth  +.........               (no amulet)
                                (no ring)
                                (no ring)

@: rotting
A: rotting body, claws 1, carnivore 3, cold resistance 1, negative energy
resistance 3, slow regeneration 1, torment resistance, unbreathing
a: Depart the Abyss, Renounce Religion


You were on level 1 of the Abyss.
You worshipped Lugonu.
Lugonu was aware of your devotion.
You were not hungry.

You visited 0 branches of the dungeon, and saw 0 of its levels.
You visited the Abyss 1 time.

Inventory:

Hand Weapons
 a - a +1 hand axe (weapon)
Armour
 b - a +0 leather armour (worn)
Comestibles
 c - a meat ration


   Skills:
 + Level 3.3 Fighting
 + Level 1.7 Axes
 + Level 1.7 Armour
 + Level 0.8 Dodging
 + Level 2.0 Invocations


You couldn't memorise any spells.
You didn't know any spells.

Dungeon Overview and Level Annotations

Branches:
Dungeon (0/15)

Altars:


Innate Abilities, Weirdness & Mutations

Your body is rotting away.
You thrive on raw meat.
You are immune to poison.
You have sharp fingernails.
You are carnivorous and can eat meat at any time.
Your flesh is cold resistant. (rC+)
You are immune to negative energy. (rN+++)
You regenerate slowly when monsters are visible.
You are immune to unholy pain and torment.
You can survive without breathing.


Message History

The small abomination closely misses you.
The small abomination hits you!
Ouch! That really hurt!
* * * LOW HITPOINT WARNING * * *
Unknown command.
Unknown command.
The kobold changes into a quokka!
The dart slug changes into a river rat!
The small abomination barely misses you.
A shadow imp comes into view.
The shadow imp shouts, "Return whence thou came, thou cankerous swag-bellied giglet!"
The shadow imp moves out of view.
The kobold changes into a dart slug!
The quokka changes into a dart slug!
The river rat changes into a worker ant!
The small abomination barely misses you.
The bat falls off the wall.
The dart slug changes into a bat!
The quokka falls off the wall.
The dart slug changes into a quokka!
The small abomination completely misses you.
The small abomination hits you!!
Ouch! That really hurt!
You die...

..# #..# ##.#.#.. #..##
.#.. . #..#.# ....# ..
#.. ..##...## ...# #.##
#..#.#. .
b#..###...#.## #
#.xa....#.#..#.(#.#.#..
# x..#..xx...xx@.......
y#.K
###..r..x..........
.#.rg
##..##............ # x
#...##.........#.# 4x.
#..............## # 4#
##..._..........# #h
#..#...............
.#................
...#. .. ......


You could see 5 small abominations and a quokka shaped shifter.

Vanquished Creatures
  A frilled lizard (shapeshifter) (Abyss:1)
1 creature vanquished.

Notes
Turn   | Place    | Note
-------+----------+-------------------------------------------
     0 | Abyss:1  | Gargoyl the Ghoul Abyssal Knight began the quest for the Orb.
     0 | Abyss:1  | Reached XP level 1. HP: 19/19 MP: 1/1
     4 | Abyss:1  | Noticed a small abomination
     5 | Abyss:1  | Noticed a chaos spawn
     5 | Abyss:1  | Noticed a small abomination
     5 | Abyss:1  | Noticed a small abomination
     5 | Abyss:1  | Noticed a small abomination
     5 | Abyss:1  | Noticed a small abomination
     5 | Abyss:1  | Noticed a small abomination
     6 | Abyss:1  | Noticed a small abomination
     6 | Abyss:1  | Noticed a moth of wrath
     6 | Abyss:1  | Noticed a small abomination
     6 | Abyss:1  | Noticed a small abomination
     7 | Abyss:1  | Noticed a brown very ugly thing
     7 | Abyss:1  | Noticed a chaos spawn
     7 | Abyss:1  | Noticed a small abomination
     7 | Abyss:1  | Noticed a chaos spawn
     9 | Abyss:1  | Noticed a sea snake
    11 | Abyss:1  | Noticed a worker ant
    11 | Abyss:1  | a river rat changed into a worker ant
    18 | Abyss:1  | Demolished by a small abomination

Action                   || total
-------------------------++-------
Melee: Hand axe          ||     1
Armor: Leather armour    ||     1
Dodge: Dodged            ||     4
